 Dungeon Crawl Stone Soup version 0.26.1-11-gd32895ea62 (webtiles) character file.

Game seed: 15284550939016705658

738395 nonceun the Conqueror (level 27, -7/300 HPs)
             Began as a Minotaur Berserker on Apr 13, 2021.
             Was the Champion of Trog.
             Mangled by an Orb Guardian (23 damage)
             ... on level 5 of the Realm of Zot on Apr 15, 2021.
             The game lasted 10:08:56 (83947 turns).

nonceun the Conqueror (Minotaur Berserker)         Turns: 83947, Time: 10:08:57

Health: -7/300     AC: 47    Str: 34    XL:     27
Magic:  6/6        EV: 10    Int:  6    God:    Trog [******]
Gold:   3475       SH:  0    Dex: 17    Spells: 26/26 levels left

rFire    + + +     SeeInvis .   B - +5 executioner's axe (antimagic)
rCold    + + .     Faith    .   (shield currently unavailable)
rNeg     + . .     Spirit   .   A - +6 gold dragon scales of the Carpenter {+Blink rPois rF+ rC+ rN+ Regen+ rCorr}
rPois    +         Reflect  .   w - +2 hat
rElec    +         Harm     .   S - +4 dragonskin cloak
rCorr    +         Rampage  .   n - +2 pair of gloves {Str+3}
Will     ++...                  (no boots)
Stlth    ..........             z - amulet of Neheh {Acrobat rC+ Dex+2 Slay+2}
HPRegen  2.00/turn              Y - ring "Kuhawk" {Will+ Dex+4 Slay+2 Stlth+}
MPRegen  0.10/turn              u - ring of Saxzer {rElec rF++ AC+4 Str+6 Dex-3}

@: weak-willed, regenerating
A: retaliatory headbutt, hooves 1, horns 2, blurry vision 1, dopey 1, low mp 1,
robust 1, weak 1, wild magic 1
}: 3/15 runes: decaying, silver, gossamer
a: Renounce Religion, Evoke Blink, Berserk, Trog's Hand, Brothers in Arms


You were on level 5 of the Realm of Zot.
You worshipped Trog.
Trog was exalted by your worship.
You visited 11 branches of the dungeon, and saw 53 of its levels.
You also visited: Trove, Bailey, Ice Cave and Wizlab.

You collected 10293 gold pieces.
You spent 6818 gold pieces at shops.

Inventory:

Hand Weapons
 a - a +2 longbow of flaming
 b - a +6 vampiric battleaxe
 c - a +9 spectral executioner's axe
 d - a +11 club of distortion
 s - a +2 executioner's axe of flaming
 B - a +5 antimagic executioner's axe (weapon)
Missiles
 f - 136 boomerangs (quivered)
 l - 1563 arrows
 V - 3 boomerangs of dispersal
Armour
 n - a +2 pair of gloves of strength (worn)
 w - a +2 hat (worn)
 A - the +6 gold dragon scales of the Carpenter (worn) {+Blink rPois rF+ rC+ rN+ Regen+ rCorr}
   (You took it off a deep elf high priest on level 5 of the Vaults)

   It protects you from fire.
   It protects you from cold.
   It protects you from poison.
   It protects you from negative energy.
   It lets you blink.
   It increases your rate of regeneration.
   It provides partial protection from all sources of acid and corrosion.
 S - the +4 dragonskin cloak (worn)
   (You took it off Tiamat on level 1 of the Realm of Zot)
Jewellery
 i - a +6 ring of intelligence
 r - a +4 ring of slaying
 u - the ring of Saxzer (right hand) {rElec rF++ AC+4 Str+6 Dex-3}
   (You found it in a treasure trove)

   [ring of protection]

   It affects your AC (+4).
   It affects your strength (+6).
   It affects your dexterity (-3).
   It greatly protects you from fire.
   It insulates you from electricity.
 x - the ring "Bolan" {+Inv rN+ MP+9 Str+8 Stlth-}
   (You found it in a treasure trove)

   [ring of positive energy]

   It affects your strength (+8).
   It protects you from negative energy.
   It affects your magic capacity (+9).
   It lets you turn invisible.
   It makes you less stealthy.
 y - an uncursed ring of protection from cold
 z - the amulet of Neheh (around neck) {Acrobat rC+ Dex+2 Slay+2}
   (You took it off a yaktaur on level 5 of the Vaults)

   [amulet of the acrobat]

   It helps you evade while moving and waiting.
   It affects your dexterity (+2).
   It affects your accuracy and damage with ranged weapons and melee attacks
   (+2).
   It protects you from cold.
 H - an uncursed ring of see invisible
 M - an uncursed ring of flight
 N - the ring of Heri {rN+ Int+4}
   (You found it on level 3 of the Crypt)

   [ring of positive energy]

   It affects your intelligence (+4).
   It protects you from negative energy.
 W - the ring "Paloleuc" {*Tele +Blink rC++ Dex-4 Stlth+}
   (You found it on level 4 of the Realm of Zot)

   [ring of teleportation]

   It may teleport you next to monsters.
   It affects your dexterity (-4).
   It greatly protects you from cold.
   It lets you blink.
   It makes you more stealthy.
 Y - the ring "Kuhawk" (left hand) {Will+ Dex+4 Slay+2 Stlth+}
   (You bought it in a shop on level 1 of the Elven Halls)

   [ring of stealth]

   It affects your dexterity (+4).
   It affects your accuracy and damage with ranged weapons and melee attacks
   (+2).
   It affects your willpower, your defense against some magical effects.
   It makes you more stealthy.
 Z - the ring "Nacurink" {rPois rN+ Str+4}
   (You found it on level 3 of the Crypt)

   [ring of positive energy]

   It affects your strength (+4).
   It protects you from poison.
   It protects you from negative energy.
Wands
 g - a wand of disintegration (21)
 D - a wand of random effects (45)
 E - a wand of flame (64)
 F - a wand of iceblast (73)
Scrolls
 k - a scroll of enchant armour
 o - 24 scrolls of teleportation
 q - 8 scrolls of magic mapping
 v - 6 scrolls of fear
 I - a scroll of acquirement
 J - 9 scrolls of fog
 R - 5 scrolls of blinking
Potions
 e - 28 potions of curing
 j - 17 potions of might
 m - 13 potions of haste
 K - 16 potions of heal wounds
 L - 4 potions of cancellation
 P - 2 potions of flight
 Q - 12 potions of lignification
 T - 3 potions of resistance
 X - 4 potions of invisibility
Miscellaneous
 h - a phantom mirror
 p - a phial of floods
 t - a box of beasts
 G - a tin of tremorstones (2/2)
 O - a lightning rod (4/4)


   Skills:
 O Level 27 Fighting
 O Level 27 Axes
 + Level 23.6 Bows
 - Level 12.0 Throwing
 + Level 24.9 Armour
 - Level 2.2 Dodging
 + Level 21.0 Evocations


You had 26 spell levels left.
You didn't know any spells.
Your spell library contained the following spells:

 Spells                   Type           Power        Failure   Level
 Animate Skeleton         Necr           0%           97%         1
 Apportation              Tloc           0%           97%         1
 Beastly Appendage        Tmut           0%           97%         1
 Corona                   Hex            0%           97%         1
 Freeze                   Ice            0%           97%         1
 Magic Dart               Conj           0%           97%         1
 Pain                     Necr           0%           97%         1
 Shock                    Conj/Air       0%           97%         1
 Sting                    Tmut/Pois      0%           97%         1
 Summon Small Mammal      Summ           0%           97%         1
 Call Imp                 Summ           0%           99%         2
 Corpse Rot               Necr/Air       N/A          99%         2
 Ensorcelled Hibernation  Hex/Ice        0%           99%         2
 Poisonous Vapours        Pois/Air       0%           99%         2
 Searing Ray              Conj           0%           99%         2
 Slow                     Hex            0%           99%         2
 Sublimation of Blood     Necr           0%           99%         2
 Swiftness                Air            0%           99%         2
 Wereblood                Tmut           0%           99%         2
 Call Canine Familiar     Summ           0%           100%        3
 Confusing Touch          Hex            0%           100%        3
 Dazzling Flash           Conj/Hex       0%           100%        3
 Frozen Ramparts          Ice            0%           100%        3
 Gell's Gravitas          Tloc           0%           100%        3
 Ignite Poison            Fire/Tmut/Pois 0%           100%        3
 Inner Flame              Hex/Fire       0%           100%        3
 Mephitic Cloud           Conj/Pois/Air  0%           100%        3
 Portal Projectile        Hex/Tloc       0%           100%        3
 Spider Form              Tmut/Pois      0%           100%        3
 Static Discharge         Conj/Air       0%           100%        3
 Summon Guardian Golem    Hex/Summ       0%           100%        3
 Vampiric Draining        Necr           0%           100%        3
 Airstrike                Air            0%           100%        4
 Animate Dead             Necr           0%           100%        4
 Cause Fear               Hex            0%           100%        4
 Fulminant Prism          Conj/Hex       0%           100%        4
 Hailstorm                Conj/Ice       0%           100%        4
 Ice Form                 Ice/Tmut       0%           100%        4
 Iskenderun's Mystic Bla  Conj/Tloc      0%           100%        4
 Leda's Liquefaction      Hex/Erth       0%           100%        4
 Olgreb's Toxic Radiance  Pois           0%           100%        4
 Petrify                  Tmut/Erth      0%           100%        4
 Summon Ice Beast         Ice/Summ       0%           100%        4
 Summon Lightning Spire   Summ/Air       0%           100%        4
 Agony                    Necr           0%           100%        5
 Alistair's Intoxication  Tmut/Pois      0%           100%        5
 Blade Hands              Tmut           0%           100%        5
 Bolt of Magma            Conj/Fire/Erth 0%           100%        5
 Borgnjor's Vile Clutch   Necr/Erth      0%           100%        5
 Irradiate                Conj/Tmut      0%           100%        5
 Lightning Bolt           Conj/Air       0%           100%        5
 Metabolic Englaciation   Hex/Ice        0%           100%        5
 Silence                  Hex/Air        0%           100%        5
 Summon Forest            Summ/Tloc      0%           100%        5
 Summon Mana Viper        Hex/Summ       0%           100%        5
 Yara's Violent Unravell  Hex/Tmut       0%           100%        5
 Death Channel            Necr           0%           100%        6
 Eringya's Noxious Bog    Tmut/Pois      0%           100%        6
 Freezing Cloud           Conj/Ice/Air   0%           100%        6
 Hydra Form               Tmut           0%           100%        6
 Iron Shot                Conj/Erth      0%           100%        6
 Ozocubu's Refrigeration  Ice            0%           100%        6
 Shadow Creatures         Summ           N/A          100%        6
 Simulacrum               Ice/Necr       0%           100%        6
 Statue Form              Tmut/Erth      0%           100%        6
 Dragon Form              Tmut           0%           100%        7
 Haunt                    Necr/Summ      0%           100%        7
 Borgnjor's Revivificati  Necr           0%           100%        8
 Discord                  Hex            0%           100%        8
 Infestation              Necr           0%           100%        8
 Necromutation            Tmut/Necr      0%           100%        8
 Death's Door             Necr           0%           100%        9
 Dragon's Call            Summ           0%           100%        9
 Shatter                  Erth           0%           100%        9


Dungeon Overview and Level Annotations

Branches:
Dungeon (15/15)            Temple (0/1) D:6            Lair (6/6) D:9
  Swamp (4/4) Lair:2       Spider (4/4) Lair:2        Slime (0/5) Lair:6
    Orc (2/2) D:10            Elf (3/3) Orc:2        Vaults (5/5) D:14
  Crypt (3/3) Vaults:2       Tomb (1/3) Crypt:3      Depths (5/5) D:15
    Zot (5/5) Depths:5     Bailey (visited)           IceCv (visited)
 WizLab (visited)

Altars:
Ashenzari
Cheibriados
Fedhas
Gozag
Kikubaaqudgha
Makhleb
Okawaru
Ru
Sif Muna
Xom
Zin
Beogh
Jiyva
Lugonu

Shops:
D:7 [   D:10 [   Orc:2 [=}}   Elf:1 }=}   Elf:2 *   Elf:3 !   Vaults:3 :
Vaults:4 (   Zot:1 **   Depths:1 ![[(   Depths:3 (:*![

Portals:
Hell: Depths:1 Depths:2 Depths:3 Depths:4 Depths:5
Abyss: Depths:2 Depths:4
Pandemonium: Depths:3
Ziggurat: Depths:4

Annotations:
Spider:2 2 transporters, exclusion: oklob plant, Ikly's ghost, journeyman GrFi; SpoonFarmer's ghost, adept MiFi
Crypt:2 3 runed translucent doors
Zot:1 3 runed translucent doors, exclusion: obsidian statue, Toelubet's ghost, veteran CeHu


Innate Abilities, Weirdness & Mutations

You reflexively headbutt those who attack you in melee.
You have a pair of horns on your head.
You have large cloven feet.
Scrolls take you a little longer to read.
You are dopey. (Int -2)
Your magical capacity is low. (-10% MP)
You are robust. (+10% HP)
You are weak. (Str -2)
Your spells are a little harder to cast, but a little more powerful.


Message History

The storm dragon bites your stone giant!
The storm dragon claws your stone giant but does no damage.
The storm dragon tramples your stone giant.
Your stone giant stumbles backwards!
The moth of wrath goads the Orb Guardian on!
The Orb Guardian goes berserk!
Your stone giant hits the storm dragon!!!
The storm dragon dies!
Trog accepts your kill. The golden dragon bites you!
* * * LOW HITPOINT WARNING * * *
The golden dragon barely misses you. The golden dragon closely misses you.
A hell beast comes into view.
Press: ? - help, v - describe, . - travel
Here: a hell beast (durably summoned)
The floor.
Unknown command.
Really read with blurry vision while enemies are nearby?
The Orb Guardian hits you!!
You die...

▓▓▓▓▓▓▓▓▓▓▓▓▓▓▓
**▓▓....^........▓***
***.....)....2......,,**
**,,^.......C....$...,,,** **
*,,,^/.....)*@.......,,,,*
,***,,,.....X.8D*X......,,,,*
,,**,,,.......zy........,,,**
,,,*,,,......°.f........,,**
,,^,,,,.................,**
,^,*,,,,...$..^.........,,**
,,**,,,°................,,,**
,***,,,,................,,,,*
** *,,,,...............,,,,,*


You could see 2 orbs of fire, an electric golem, a golden dragon (berserk), a
curse toe, a hell beast, 2 Orb Guardians, a moth of wrath, a wandering mushroom
(summoned) and a friendly stone giant (summoned, berserk).

Vanquished Creatures
  2 orbs of fire
  2 ancient liches
  Mara (Vaults:4)
  2 juggernauts
  4 royal mummies (Tomb:1)
  Boris (thrice) (Vaults:4 Crypt:1 Tomb:1)
  3 Killer Klowns
  Margery (Vaults:5)
  7 caustic shrikes
  12 golden dragons
  A bone dragon (Crypt:3)
  3 electric golems
  27 tentacled monstrosities
  7 liches
  Rupert (D:14)
  3 deep elf blademasters
  7 titans
  5 quicksilver dragons
  8 death cobs
  2 deep elf master archers (Elf:3)
  Frances (D:13)
  A thorn hunter (Swamp:2)
  6 ancient champions
  10 shadow dragons
  10 tengu reavers
  The ghost of Polaczum the Brawler, an adept TrMo of Nemelex Xobeh (Depths:3)
  9 sphinxes
  21 storm dragons
  10 fire giants
  5 draconian monks
  The ghost of Paschim the Severer, a journeyman MiBe of Trog (Orc:1)
  3 revenants
  The ghost of Notot the Severer, an adept DsAK of Lugonu (Elf:2)
  7 draconian scorchers
  6 ghost moths
  15 vault wardens
  5 draconian knights
  5 deep elf sorcerers
  An orc warlord (Orc:1)
  13 frost giants
  4 iron dragons
  8 draconian shifters
  14 ironheart preservers
  6 ghouls
  4 draconian stormcallers
  44 very ugly things
  5 emperor scorpions
  An emperor scorpion (shapeshifter) (Vaults:4)
  7 draconian annihilators
  25 stone giants
  4 deep elf elementalists (Elf:3)
  A spriggan defender (Depths:4)
  6 war gargoyles
  10 vampire knights
  14 black draconians
  6 green draconians
  4 bennus (Tomb:1)
  4 deep elf demonologists
  12 purple draconians
  6 entropy weavers
  13 deep elf annihilators
  9 red draconians
  8 yellow draconians
  A minotaur (Lair:1)
  4 spark wasps
  6 bunyips
  An entropy weaver (shapeshifter) (Vaults:4)
  13 white draconians
  3 eidola
  4 crystal guardians
  Snorg (D:14)
  An ettin (shapeshifter) (Vaults:5)
  14 jiangshi
  2 eleionomae
  A merfolk javelineer (Depths:1)
  8 mummy priests (Tomb:1)
  A merfolk impaler (Depths:5)
  The ghost of Ayazi56 the Cleaver, a journeyman OpFi of Okawaru (Lair:3)
  12 ettins
  16 deep elf death magi
  6 deep elf high priests
  18 fire dragons
  A shambling mangrove (Swamp:4)
  12 great orbs of eyes
  15 yaktaur captains
  11 rakshasas
  2 quicksilver dragon skeletons
  23 hydras
  11 ice dragons
  Erolcha (D:12)
  5 boulder beetles
  The ghost of slughead422 the Spear-Bearer, a journeyman MfGl of Trog (D:10)
  28 vault guards
  9 centaur warriors
  A ghost crab (Swamp:3)
  2 death knights
  15 ogre magi
  A fenstrider witch skeleton (Crypt:2)
  5 spriggan air magi
  A catoblepas (Lair:6)
  5 alligators
  A two-headed ogre (shapeshifter) (Vaults:4)
  46 two-headed ogres
  30 dancing weapons
  The ghost of bronco the Cruncher, a novice DrGl of Fedhas (Lair:1)
  5 vampire magi
  10 death scarabs (Tomb:1)
  13 deep troll shamans
  11 tengu warriors
  10 deep troll earth magi
  A titan zombie (Crypt:3)
  2 soul eaters
  16 hell knights
  22 deep elf knights
  2 spriggan berserkers
  2 fire crabs (shapeshifter)
  Nergalle (Orc:1)
  2 shadow wraiths
  A fire crab (Swamp:4)
  3 goliath frogs
  2 titan skeletons
  3 iron trolls (Depths:5)
  4 unseen horrors
  A golden dragon zombie (Crypt:3)
  46 skeletal warriors
  An unseen horror (shapeshifter) (Depths:4)
  31 deep trolls
  An entropy weaver zombie (Crypt:1)
  A ghost moth zombie (Crypt:1)
  An anaconda zombie (Crypt:3)
  2 bog bodies
  5 flayed ghosts
  7 swamp dragons
  3 lindwurms
  16 wizards
  4 glowing orange brains
  5 orange crystal statues
  5 spriggan druids
  A golden dragon skeleton (Depths:3)
  11 orc knights
  7 phantasmal warriors
  20 deep elf archers
  An anaconda skeleton (Crypt:3)
  An eleionoma zombie (Crypt:1)
  11 ironbrand convokers
  A harpy (shapeshifter) (Vaults:4)
  15 necromancers
  A wolf spider zombie (D:15)
  16 orb spiders
  49 ugly things
  5 orc sorcerers
  A stone giant zombie (Crypt:1)
  2 shadow dragon skeletons (Crypt:3)
  30 wolf spiders
  An elephant (shapeshifter) (Vaults:3)
  56 deep elf magi
  26 moths of wrath
  A sphinx skeleton (Depths:3)
  3 will-o-the-wisps
  10 cyclopes
  9 elephants
  A manticore (shapeshifter) (Depths:3)
  2 manticores
  An ice statue (IceCv)
  A salamander (Depths:1)
  A fire giant skeleton (Crypt:3)
  5 black mambas
  An eleionoma skeleton (Crypt:1)
  An iron dragon skeleton (Crypt:3)
  A stone giant skeleton (Crypt:3)
  A smoke demon (Depths:3)
  3 gargoyles
  2 torpor snails
  An eye of devastation (shapeshifter) (Vaults:2)
  16 vault sentinels
  15 freezing wraiths
  31 cane toads
  12 komodo dragons
  An orange demon (Depths:3)
  A yaktaur (shapeshifter) (Vaults:1)
  A kobold demonologist (D:13)
  63 yaktaurs
  A rime drake (shapeshifter) (Depths:3)
  A rime drake (Lair:2)
  3 human skeletons
  11 guardian mummies
  2 harpy zombies (D:15)
  A red devil (Depths:3)
  31 jumping spiders
  A large abomination (Elf:1)
  16 demonic crawlers
  2 meliai (shapeshifter)
  2 bloated husks (Swamp:4)
  9 tengu conjurers
  20 trolls
  17 hornets
  A wolf spider simulacrum (IceCv)
  3 polar bears (Lair:4)
  9 tyrant leeches
  20 slime creatures
  23 blink frogs
  A spriggan zombie (Depths:3)
  17 dream sheep
  A harpy skeleton (Crypt:2)
  2 hydra skeletons
  A meliai zombie (D:13)
  A blink frog (shapeshifter) (Vaults:2)
  32 flying skulls
  3 stone giant simulacra
  5 vampires
  99 redbacks
  8 ushabtiu (Tomb:1)
  11 spriggans
  3 shadows
  4 wraiths
  2 air elementals (Elf:1)
  34 tarantellas
  7 wyverns
  A yak (shapeshifter) (Depths:2)
  An ice dragon skeleton (Crypt:1)
  3 basilisks
  6 water elementals
  59 yaks
  A fire elemental (Elf:1)
  17 humans (D:14)
  A human (shapeshifter) (Vaults:5)
  10 vampire mosquitoes
  Menkaure (D:4)
  3 steam dragons
  An infernal demonspawn zombie (Crypt:1)
  A warg (Orc:1)
  A merfolk zombie (Crypt:3)
  A death yak simulacrum (IceCv)
  2 two-headed ogre zombies (WizLab)
  A harpy simulacrum (Crypt:1)
  13 swamp worms
  An acid dragon (D:15)
  A soldier ant (D:10)
  18 water moccasins
  An orb spider zombie (Crypt:2)
  A floating eye (Depths:2)
  12 swamp drakes
  18 ice beasts
  34 orc warriors
  2 phantoms
  9 necrophages
  6 sky beasts
  5 black bears
  An elephant zombie (Crypt:2)
  A lindwurm zombie (Crypt:2)
  An eye of draining (shapeshifter) (Elf:2)
  46 ogres
  17 centaurs
  An ogre (shapeshifter) (Vaults:5)
  12 wolves
  3 boggarts (Depths:1)
  A manticore skeleton (Crypt:3)
  4 elf zombies (Elf:1)
  32 bullfrogs
  A fire crab zombie (Crypt:2)
  A wyvern zombie (D:15)
  A glowing shapeshifter simulacrum (Vaults:1)
  3 earth elementals
  2 water moccasin zombies
  8 troll zombies (WizLab)
  8 scorpions
  A troll skeleton (Crypt:2)
  19 wights
  16 killer bees
  4 electric eels
  2 jellies
  12 howler monkeys
  2 centaur zombies
  A crimson imp (Depths:3)
  A yaktaur simulacrum (Vaults:1)
  A bullfrog zombie (D:6)
  3 draconian simulacra (IceCv)
  3 quasits
  A human zombie (Crypt:1)
  A bullfrog skeleton (D:5)
  21 orc priests
  A demonspawn skeleton (Crypt:2)
  10 hounds
  An iron imp (Depths:3)
  A jelly (shapeshifter) (Depths:3)
  5 centaur skeletons
  Terence (D:2)
  5 iguanas
  28 orc wizards
  2 spriggan simulacra (IceCv)
  13 worker ants
  A polar bear simulacrum (IceCv)
  7 troll simulacra (IceCv)
  A wolf simulacrum (IceCv)
  7 ogre zombies
  A deep dwarf zombie (Crypt:1)
  A centaur simulacrum (IceCv)
  14 mummies
  Robin (D:2)
  A worker ant zombie (D:7)
  14 gnolls
  12 adders
  A howler monkey skeleton (D:9)
  6 naga simulacra (IceCv)
  An ogre simulacrum (IceCv)
  2 shadow imps
  15 white imps
  5 ufetubi
  5 oozes
  2 adder zombies
  2 adder skeletons
  2 worms
  4 dart slugs
  A dart slug (shapeshifter) (Elf:2)
  8 leopard geckos
  128 orcs
  2 ball pythons
  4 giant cockroaches
  16 goblins
  25 hobgoblins
  6 jackals
  16 kobolds
  4 quokkas
  A ball python zombie (Crypt:1)
  9 bats
  9 frilled lizards
  A gnoll skeleton (Crypt:1)
  A hobgoblin skeleton (Crypt:1)
  A leopard gecko skeleton (D:4)
  A leopard gecko zombie (D:8)
  A quokka zombie (D:7)
  8 rats
  2 bushes (D:7)
  2 crawling corpses (Elf:3)
2749 creatures vanquished.

Vanquished Creatures (collateral kills)
  Tiamat (Zot:1)
  A Killer Klown (Zot:5)
  A storm dragon (Zot:5)
  An ironheart preserver (Vaults:2)
  5 very ugly things (Depths:3)
  A vampire knight (Depths:3)
  A yaktaur captain (Vaults:2)
11 creatures vanquished.

Vanquished Creatures (others)
  A white draconian (Zot:3)
  A blizzard demon (Depths:3)
  A hydra (Swamp:4)
  A spriggan (Swamp:4)
  A swamp dragon (Swamp:4)
  A necromancer (Vaults:5)
  2 bloated husks
  2 hornets
  A fire elemental (Elf:2)
  2 steam dragons (Swamp:4)
  An orc warrior (Vaults:5)
  3 swamp drakes (Swamp:4)
  A centaur (Depths:2)
  A boggart (Depths:1)
  2 ogres (Vaults:5)
  An iron imp (Depths:3)
  An adder (shapeshifter) (Elf:2)
  2 orcs (Vaults:5)
  4 briar patches (Swamp:2)
  10 foxfires
  49 fungi
  135 plants
223 creatures vanquished.

Grand Total: 2983 creatures vanquished

Notes
Turn   | Place    | Note
-------+----------+-------------------------------------------
     0 | D:1      | nonceun the Minotaur Berserker began the quest for the Orb.
     0 | D:1      | Reached XP level 1. HP: 19/19 MP: 0/0
   153 | D:1      | Reached XP level 2. HP: 26/26 MP: 1/1
   317 | D:1      | Reached skill level 5 in Axes
   317 | D:1      | Reached XP level 3. HP: 31/31 MP: 2/2
   612 | D:1      | Reached ** piety under Trog
   912 | D:2      | Noticed an ogre
   916 | D:2      | Killed an ogre
   917 | D:2      | Reached XP level 4. HP: 39/39 MP: 3/3
   917 | D:2      | Reached XP level 5. HP: 45/45 MP: 4/4
  1248 | D:2      | Noticed Robin
  1271 | D:2      | Killed Robin
  1400 | D:2      | Found a shimmering altar of Xom.
  1451 | D:2      | Noticed Terence
  1458 | D:2      | Killed Terence
  1749 | D:2      | Found a broken altar of Ashenzari.
  2262 | D:3      | Reached *** piety under Trog
  2634 | D:3      | Found a faded altar of an unknown god.
  2746 | D:3      | Reached XP level 6. HP: 48/51 MP: 5/5
  2943 | D:4      | Found a burning altar of Makhleb.
  2998 | D:4      | Reached **** piety under Trog
  3280 | D:4      | Noticed Menkaure
  3292 | D:4      | Killed Menkaure
  3293 | D:4      | Reached skill level 10 in Axes
  3293 | D:4      | Reached XP level 7. HP: 43/58 MP: 6/6
  3799 | D:5      | Entered Level 5 of the Dungeon
  4275 | D:5      | Got a faintly glowing plate armour
  4286 | D:5      | Identified the +0 plate armour of Limited Liability {Dex+2}
                  | (You found it on level 5 of the Dungeon)
  4503 | D:6      | Found a glowing silver altar of Zin.
  4713 | D:6      | Reached XP level 8. HP: 60/66 MP: 7/7
  4911 | D:6      | Found a sacrificial altar of Ru.
  5210 | D:6      | Found a staircase to the Ecumenical Temple.
  5522 | D:7      | Reached skill level 5 in Fighting
  6046 | D:7      | Found a snail-covered altar of Cheibriados.
  6088 | D:7      | Reached ***** piety under Trog
  6089 | D:7      | Reached XP level 9. HP: 44/78 MP: 8/8
  6276 | D:7      | Found a blossoming altar of Fedhas.
  6468 | D:7      | Found Cuserucs's Antique Armour Shop.
  6483 | D:7      | Bought a runed cloak for 157 gold pieces
  6483 | D:7      | Bought a pair of gloves for 94 gold pieces
  6512 | D:7      | Found an opulent altar of Gozag.
  6534 | D:7      | Got a jet-studded plate armour
  6545 | D:7      | Identified the +2 plate armour of Geomedgh {rF+ rN+ Int-3}
                  | (You found it on level 7 of the Dungeon)
  6688 | D:8      | Found a flagged portal.
  6718 | Bailey   | Entered a bailey
  6893 | Bailey   | Received a gift from Trog
  7096 | Bailey   | Noticed an orc knight
  7232 | Bailey   | Killed an orc knight
  7233 | Bailey   | Reached skill level 1 in Bows
  8105 | D:9      | Found an iron altar of Okawaru.
  8120 | D:9      | Noticed a troll
  8126 | D:9      | Killed a troll
  8127 | D:9      | Reached XP level 10. HP: 90/90 MP: 9/9
  8172 | D:9      | Noticed a two-headed ogre
  8412 | D:9      | Killed a two-headed ogre
  8413 | D:9      | Reached skill level 5 in Bows
  8467 | D:9      | Lost intelligence.
  8467 | D:9      | Gained mutation: You are dopey. (Int -2) [potion of
                  | mutation]
  8467 | D:9      | Gained mutation: You expend magic power (3 MP) to
                  | strengthen your wands. [potion of mutation]
  8467 | D:9      | Gained mutation: You have large cloven feet. [potion of
                  | mutation]
  8471 | D:9      | Lost mutation: You expend magic power (3 MP) to strengthen
                  | your wands. [potion of mutation]
  8471 | D:9      | Lost mutation: You are dopey. (Int -2) [potion of mutation]
  8471 | D:9      | Lost mutation: You have large cloven feet. [potion of
                  | mutation]
  8471 | D:9      | Gained mutation: You are robust. (+10% HP) [potion of
                  | mutation]
  8471 | D:9      | Gained mutation: You are agile. (Dex +2) [potion of
                  | mutation]
  8471 | D:9      | Gained mutation: You can translocate small distances at
                  | will. [potion of mutation]
  8633 | D:9      | Found a staircase to the Lair.
  8851 | D:9      | Reached skill level 15 in Axes
  9212 | D:9      | Found a large runed translucent door.
  9212 | D:9      | Found a large runed translucent door.
  9214 | D:9      | Identified the +12 morningstar of Conformity {speed, +Fly
                  | Int+2 Stlth-}
  9222 | D:9      | Found a large runed translucent door.
  9222 | D:9      | Found a large runed translucent door.
  9378 | D:9      | Noticed a gargoyle
  9381 | D:9      | Reached XP level 11. HP: 106/106 MP: 10/10
  9603 | D:7      | Bought a fine scale mail for 189 gold pieces
  9615 | D:7      | Identified the +4 scale mail of Crawling {Int-3 Dex+3} (You
                  | bought it in a shop on level 7 of the Dungeon)
  9707 | D:10     | Entered Level 10 of the Dungeon
  9709 | D:10     | Received a gift from Trog
  9725 | D:10     | Got a bloodstained battleaxe {god gift}
  9827 | D:10     | Found Funail's Armour Shoppe.
  9827 | D:10     | Found a staircase to the Orcish Mines.
 10031 | D:10     | Identified the +6 battleaxe of Trog's Approval {vorpal,
                  | Str+3} (Trog gifted it to you on level 10 of the Dungeon)
 10128 | D:10     | Reached skill level 10 in Fighting
 10313 | D:10     | Noticed slughead422's ghost (journeyman MfGl)
 10321 | D:10     | Found a transporter.
 10340 | D:10     | Found a transporter.
 10417 | Lair:1   | Entered Level 1 of the Lair of Beasts
 10530 | Lair:1   | Reached skill level 10 in Bows
 10747 | Lair:1   | Noticed a five-headed hydra
 10757 | Lair:1   | Killed a five-headed hydra
 11014 | Lair:1   | Noticed a minotaur
 11015 | Lair:1   | Noticed bronco's ghost (novice DrGl)
 11019 | Lair:1   | Noticed a lindwurm
 11218 | Lair:1   | Found a runed translucent gate.
 11218 | Lair:1   | Found a runed translucent gate.
 11218 | Lair:1   | Found a runed translucent gate.
 11591 | Lair:1   | Identified a scroll of acquirement
 11603 | Lair:1   | Reached XP level 12. HP: 116/116 MP: 11/11
 11875 | Lair:2   | Noticed a four-headed hydra
 11887 | Lair:2   | Killed a four-headed hydra
 12200 | Lair:2   | Found a staircase to the Swamp.
 12365 | Lair:2   | Reached XP level 13. HP: 124/124 MP: 12/12
 12478 | Lair:2   | Found a hole to the Spider Nest.
 12803 | Lair:3   | Reached ****** piety under Trog
 12832 | Lair:3   | Received a gift from Trog
 12971 | Lair:3   | Reached skill level 1 in Evocations
 13319 | Lair:3   | Found a runed translucent door.
 13320 | Lair:3   | Identified the +3 spear "Igruynec" {flame, *Slow +Blink
                  | rElec Int+6}
 13322 | Lair:3   | Noticed Ayazi56's ghost (journeyman OpFi)
 13506 | Lair:3   | Got a brightly glowing ring mail
 13517 | Lair:3   | Identified the +3 ring mail of Minor Irritation {Rampage
                  | Int+3 Stlth-} (You found it on level 3 of the Lair of
                  | Beasts)
 14003 | Lair:4   | Reached skill level 5 in Evocations
 15227 | Lair:5   | Received a gift from Trog
 15890 | Lair:6   | Entered Level 6 of the Lair of Beasts
 15927 | Lair:6   | Reached skill level 5 in Armour
 15947 | Lair:6   | Reached XP level 14. HP: 87/133 MP: 13/13
 18333 | Lair:6   | Found a runed translucent door.
 18335 | Lair:6   | Found a viscous altar of Jiyva.
 18347 | Lair:6   | Found a staircase to the Slime Pits.
 18498 | Lair:6   | Received a gift from Trog
 19132 | Lair:1   | Killed bronco's ghost
 19290 | D:10     | Killed slughead422's ghost
 19501 | Lair:3   | Killed Ayazi56's ghost
 19638 | D:10     | Bought the +9 chain mail of Follow the Leader {rPois rCorr
                  | Int+3 Dex+3} for 1104 gold pieces
 19781 | Orc:1    | Entered Level 1 of the Orcish Mines
 19793 | Orc:1    | Reached skill level 10 in Armour
 19873 | Orc:1    | Found a roughly hewn altar of Beogh.
 19954 | Orc:1    | Found a roughly hewn altar of Beogh.
 19996 | Orc:1    | Reached XP level 15. HP: 144/145 MP: 14/14
 20214 | Orc:1    | Found a runed translucent gate.
 20227 | Orc:1    | Found a runed translucent gate.
 20228 | Orc:1    | Found a runed translucent gate.
 20459 | Orc:1    | Noticed Paschim's ghost (journeyman MiBe)
 20478 | Orc:1    | Killed Paschim's ghost
 20625 | Orc:1    | Noticed Nergalle
 20632 | Orc:1    | Killed Nergalle
 20819 | Orc:2    | Entered Level 2 of the Orcish Mines
 20842 | Orc:2    | Found Naj Ystopha's Gadget Boutique.
 21025 | Orc:2    | Found a staircase to the Elven Halls.
 21038 | Orc:2    | Noticed an orc warlord
 21198 | Orc:1    | Received a gift from Trog
 21365 | Orc:1    | Killed an orc warlord
 22189 | Orc:2    | Received a gift from Trog
 22325 | Orc:2    | Found Mistrie's Armour Emporium.
 22327 | Orc:2    | Found Gingiz's Jewellery Emporium.
 22440 | Orc:2    | Found Omok's Gadget Shoppe.
 22695 | Orc:2    | Found a runed translucent door.
 22704 | Orc:2    | Found the +10 tower shield of Ignorance {rN+ Int-4}
 22723 | Orc:2    | Found a runed translucent door.
 23572 | D:11     | Received a gift from Trog
 24204 | Orc:2    | Gained mutation: Scrolls take you a little longer to read.
                  | [a neqoxec]
 24205 | Orc:2    | Gained mutation: Your body sometimes deteriorates upon
                  | taking damage. [a neqoxec]
 24207 | Orc:2    | Lost mutation: You are robust. (+10% HP) [a neqoxec]
 24254 | Lair:1   | Lost mutation: Your body sometimes deteriorates upon taking
                  | damage. [potion of mutation]
 24254 | Lair:1   | Lost mutation: You are agile. (Dex +2) [potion of mutation]
 24254 | Lair:1   | Lost mutation: Scrolls take you a little longer to read.
                  | [potion of mutation]
 24254 | Lair:1   | Lost mutation: You can translocate small distances at will.
                  | [potion of mutation]
 24254 | Lair:1   | Gained mutation: You are robust. (+10% HP) [potion of
                  | mutation]
 24254 | Lair:1   | Gained mutation: You possess an exceptional clarity of
                  | mind. [potion of mutation]
 24254 | Lair:1   | Gained mutation: You have large cloven feet. [potion of
                  | mutation]
 24679 | D:12     | Found a portal to a secret trove of treasure.
 24805 | D:12     | Noticed Erolcha
 24819 | D:12     | Killed Erolcha
 25720 | D:13     | Noticed Frances
 25730 | D:13     | Killed Frances
 25856 | D:13     | Reached XP level 16. HP: 161/161 MP: 15/15
 26208 | D:14     | Found a frozen archway.
 26215 | D:14     | Received a gift from Trog
 26221 | D:14     | Got an iridescent battleaxe {god gift}
 26228 | D:14     | Identified the +4 battleaxe "Zelacog" {antimagic, Will+
                  | Str+2} (Trog gifted it to you on level 14 of the Dungeon)
 26236 | IceCv    | Entered an ice cave
 26713 | IceCv    | Identified the Handbook of Ice
 26775 | IceCv    | Found an ancient bone altar of Kikubaaqudgha.
 27231 | D:14     | Noticed Snorg
 27243 | D:14     | Killed Snorg
 27274 | D:14     | Reached skill level 15 in Fighting
 27274 | D:14     | Reached XP level 17. HP: 171/171 MP: 16/16
 27335 | D:14     | Received a gift from Trog
 27350 | D:14     | Noticed Rupert
 27363 | D:14     | Killed Rupert
 27705 | D:14     | Found a gate to the Vaults.
 28698 | D:14     | Received a gift from Trog
 29179 | D:15     | Entered Level 15 of the Dungeon
 29633 | D:15     | Received a gift from Trog
 30161 | D:15     | Found a staircase to the Depths.
 30576 | Swamp:1  | Entered Level 1 of the Swamp
 31785 | Swamp:2  | Reached XP level 18. HP: 159/182 MP: 17/17
 32115 | Elf:1    | Entered Level 1 of the Elven Halls
 32191 | Elf:1    | Received a gift from Trog
 32602 | Elf:1    | Found Utaorch's Gadget Shop.
 32604 | Elf:1    | Found Heg Sit's Jewellery Emporium.
 32605 | Elf:1    | Found Jaixkoff's Gadget Shop.
 32617 | Elf:1    | Bought the ring "Kuhawk" {Will+ Dex+4 Slay+2 Stlth+} for
                  | 750 gold pieces
 32617 | Elf:1    | Bought an uncursed amulet of regeneration for 480 gold
                  | pieces
 33324 | Elf:1    | Identified the Guide on Evil Arts
 33661 | Elf:2    | Found Waptoag's General Store.
 33661 | Elf:2    | Found a large runed translucent door.
 33661 | Elf:2    | Found a large runed translucent door.
 34097 | Spider:1 | Entered Level 1 of the Spider Nest
 35593 | Spider:2 | Found a transporter.
 35602 | Spider:2 | Received a gift from Trog
 35641 | Spider:2 | Noticed SpoonFarmer's ghost (adept MiFi)
 35645 | Spider:2 | Noticed Ikly's ghost (journeyman GrFi)
 36100 | Spider:2 | Found a transporter.
 36548 | Spider:3 | Received a gift from Trog
 37396 | Spider:4 | Entered Level 4 of the Spider Nest
 38092 | Spider:4 | Reached XP level 19. HP: 193/194 MP: 18/18
 38123 | Spider:4 | Received a gift from Trog
 38366 | Spider:4 | Got a gossamer rune of Zot
 38767 | Vaults:1 | Entered Level 1 of the Vaults
 39358 | Vaults:1 | Received a gift from Trog
 40016 | Vaults:1 | Identified the ring of Dopeat {*Corrode +Fly Str+6 SInv
                  | Stlth+}
 40083 | Vaults:1 | Reached skill level 15 in Armour
 40720 | Vaults:2 | Received a gift from Trog
 40892 | Vaults:2 | Found a staircase to the Crypt.
 40993 | Vaults:2 | Reached skill level 10 in Evocations
 41001 | Vaults:2 | Reached XP level 20. HP: 151/205 MP: 17/19
 41623 | Vaults:2 | Received a gift from Trog
 43064 | Vaults:3 | Found the +7 sceptre of Torment {pain, torment}
 43204 | Vaults:2 | Received a gift from Trog
 43326 | Vaults:3 | Found Piaxuv's Book Shoppe.
 43473 | Vaults:3 | Reached skill level 15 in Bows
 44586 | Vaults:3 | You fall into a shaft and drop 1 floor!
 44731 | Vaults:4 | Found Diplujun's Antique Weapon Shoppe.
 45232 | Vaults:4 | Found an ancient bone altar of Kikubaaqudgha.
 45373 | Vaults:4 | Reached XP level 21. HP: 197/214 MP: 20/20
 46191 | Vaults:4 | Received a gift from Trog
 48557 | Swamp:4  | Entered Level 4 of the Swamp
 48746 | Swamp:4  | Received a gift from Trog
 49161 | Swamp:4  | Got a decaying rune of Zot
 50049 | D:12     | You paid a toll of 7 scrolls of fear to enter a treasure
                  | trove
 50050 | Trove    | Entered a treasure trove
 50058 | Trove    | Got a polished hat
 50067 | Trove    | Got a flickering wooden ring
 50079 | Trove    | Got a translucent bone ring
 50081 | Trove    | Got a crude golden ring
 50136 | D:12     | Identified the +1 hat of Defiance {Harm Will- rCorr} (You
                  | found it in a treasure trove)
 50152 | D:12     | Identified the ring "Goiqoic" {*Contam +Fly rPois Will+
                  | Dex+7} (You found it in a treasure trove)
 50248 | Lair:1   | Identified the ring of Saxzer {rElec rF++ AC+4 Str+6 Dex-3}
                  | (You found it in a treasure trove)
 50250 | Lair:1   | Identified the ring "Bolan" {+Inv rN+ MP+9 Str+8 Stlth-}
                  | (You found it in a treasure trove)
 50445 | D:10     | Bought the +7 chain mail "Zurhon" {rC+ rN+++ rCorr Int-5}
                  | for 974 gold pieces
 50643 | Depths:1 | Entered Level 1 of the Depths
 50682 | Depths:1 | Found Wiklelafia's Distillery.
 50689 | Depths:1 | Found Huollioz's Antique Armour Shop.
 50773 | Depths:1 | Found a magical portal.
 50778 | WizLab   | Entered Zonguldrok's Shrine
 50978 | WizLab   | Received a gift from Trog
 51083 | WizLab   | Noticed an antique lich
 51090 | WizLab   | Killed an antique lich
 51145 | WizLab   | Found the +9 sword of Zonguldrok {reap}
 51175 | WizLab   | Identified the Collected Works on Moulding
 51301 | Depths:1 | Bought a runed cloak for 315 gold pieces
 51301 | Depths:1 | Bought a pair of embroidered boots for 315 gold pieces
 51486 | Depths:1 | Bought a potion of heal wounds for 105 gold pieces
 51486 | Depths:1 | Bought a potion of heal wounds for 105 gold pieces
 51551 | Depths:1 | Found Qarach's Antique Armour Shoppe.
 51572 | Depths:1 | Found a gateway to Hell.
 51624 | Depths:1 | Found Puciffoniu's Antique Weapon Shop.
 52304 | Depths:1 | Reached XP level 22. HP: 224/224 MP: 21/21
 52411 | Depths:2 | Found a corrupted altar of Lugonu.
 52411 | Depths:2 | Found a one-way gate to the infinite horrors of the Abyss.
 52687 | Depths:2 | Received a gift from Trog
 52746 | Depths:2 | Noticed a juggernaut
 52778 | Depths:2 | Killed a juggernaut
 52829 | Depths:2 | Paralysed by a floating eye for 4 turns
 53379 | Depths:2 | Received a gift from Trog
 53485 | Depths:2 | Reached skill level 15 in Evocations
 54288 | Depths:3 | Noticed a caustic shrike
 54289 | Depths:3 | Noticed a caustic shrike
 54290 | Depths:3 | Noticed a caustic shrike
 54655 | Depths:3 | Found Xoskegh's Distillery.
 54902 | Depths:3 | Found Coehuneo's Assorted Antiques.
 55121 | Depths:3 | Bought a scroll of blinking for 345 gold pieces
 55244 | Depths:3 | Found Voler's Armour Boutique.
 55323 | Depths:3 | Noticed a caustic shrike
 55332 | Depths:3 | Killed a caustic shrike
 55333 | Depths:3 | Killed a caustic shrike
 55377 | Depths:3 | Killed a caustic shrike
 55384 | Depths:3 | Killed a caustic shrike
 55385 | Depths:3 | Reached XP level 23. HP: 188/236 MP: 22/22
 55595 | Depths:3 | Found Bismecuc's Weapon Shoppe.
 55728 | Depths:3 | Found Ownebbal's Book Emporium.
 55866 | Depths:3 | Found a runed translucent door.
 55869 | Depths:3 | Noticed Polaczum's ghost (adept TrMo)
 55869 | Depths:3 | Noticed a caustic shrike
 55885 | Depths:3 | Killed a caustic shrike
 55892 | Depths:3 | Killed Polaczum's ghost
 55892 | Depths:3 | Received a gift from Trog
 55971 | Depths:3 | Found a one-way gate leading to the halls of Pandemonium.
 56734 | Depths:4 | Found a gateway to a ziggurat.
 56936 | Depths:4 | Paralysed by a great orb of eyes for 2 turns
 57114 | Depths:4 | Found an opulent altar of Gozag.
 57114 | Depths:4 | Found a burning altar of Makhleb.
 57115 | Depths:4 | Found a shimmering blue altar of Sif Muna.
 57272 | Depths:4 | Received a gift from Trog
 57796 | Depths:4 | Noticed a caustic shrike
 57806 | Depths:4 | Killed a caustic shrike
 58211 | Depths:4 | Received a gift from Trog
 58443 | Depths:4 | Noticed a caustic shrike
 58452 | Depths:4 | Killed a caustic shrike
 58507 | Depths:4 | Reached XP level 24. HP: 195/247 MP: 22/22
 58507 | Depths:4 | Reached XP level 25. HP: 202/256 MP: 22/22
 58527 | Depths:4 | Identified the +4 long sword of the Pyrrhic Victory {vamp,
                  | Str+3}
 58534 | Depths:4 | Noticed a juggernaut
 58547 | Depths:4 | Killed a juggernaut
 59634 | Vaults:3 | Bought a manual of Fighting for 1545 gold pieces
 60208 | Depths:5 | Entered Level 5 of the Depths
 60572 | Depths:5 | Received a gift from Trog
 61468 | Depths:5 | Found a gate to the Realm of Zot.
 62881 | Vaults:5 | Entered Level 5 of the Vaults
 62887 | Vaults:5 | Noticed Mara
 62889 | Vaults:5 | Received a gift from Trog
 62893 | Vaults:5 | Noticed nonceun's illusion
 62912 | Vaults:5 | Noticed nonceun's illusion
 62912 | Vaults:5 | Noticed Boris
 62913 | Vaults:5 | HP: 10/266 [titan/bolt of lightning (7)]
 62913 | Vaults:5 | HP: 3/262 [shadow dragon/bolt of negative energy (7)]
 63176 | Vaults:5 | Noticed nonceun's illusion
 63495 | Vaults:4 | Killed Mara
 63883 | Vaults:4 | Reached XP level 26. HP: 160/276 MP: 22/22
 64395 | Vaults:4 | Received a gift from Trog
 64405 | Vaults:4 | Got a scorched great sword {god gift}
 64408 | Vaults:4 | Identified the +8 great sword of Profit {vorpal, rPois}
                  | (Trog gifted it to you on level 4 of the Vaults)
 64961 | Vaults:4 | Killed Boris
 65069 | Vaults:5 | Identified the +6 glaive of Aguetz {freeze, *Corrode rN+
                  | Int+6}
 65085 | Vaults:4 | Reached skill level 1 in Throwing
 65482 | Vaults:5 | Got a silver rune of Zot
 65680 | Vaults:5 | Got a fine platinum ring
 65700 | Vaults:5 | Identified the +6 gold dragon scales of the Carpenter
                  | {+Blink rPois rF+ rC+ rN+ Regen+ rCorr}
 65733 | Vaults:5 | Identified the ring "Kaogrite" {MP+9 Str+2} (You found it
                  | on level 5 of the Vaults)
 65964 | Vaults:5 | Noticed Margery
 65972 | Vaults:5 | Identified the amulet of Neheh {Acrobat rC+ Dex+2 Slay+2}
 65976 | Vaults:5 | Killed Margery
 66046 | Vaults:5 | Received a gift from Trog
 66047 | Vaults:5 | Reached skill level 5 in Throwing
 66137 | Vaults:5 | Identified the Catalogue of the Snowflakes and Calling
 67081 | Vaults:5 | Got a masterwork broad axe
 67082 | Vaults:5 | Identified the +5 broad axe of Famine {elec, Dex+4} (You
                  | found it on level 5 of the Vaults)
 67509 | Crypt:1  | Entered Level 1 of the Crypt
 67530 | Crypt:1  | Noticed Boris
 67554 | Crypt:1  | Killed Boris
 68115 | Crypt:1  | Received a gift from Trog
 69138 | Crypt:2  | Found a runed translucent gate.
 69138 | Crypt:2  | Found a runed translucent gate.
 69138 | Crypt:2  | Found a runed translucent gate.
 69881 | Crypt:2  | Received a gift from Trog
 70092 | Crypt:3  | Entered Level 3 of the Crypt
 70100 | Crypt:3  | Reached XP level 27. HP: 295/295 MP: 22/22
 70215 | Crypt:3  | Reached skill level 10 in Throwing
 70708 | Crypt:3  | Found a staircase to the Tomb.
 70725 | Crypt:3  | Identified Kikubaaqudgha's Guide on Unholy Arts
 70869 | Crypt:3  | Received a gift from Trog
 71302 | Crypt:3  | Found an ancient bone altar of Kikubaaqudgha.
 71303 | Crypt:3  | Noticed an ancient lich
 71322 | Crypt:3  | Killed an ancient lich
 71380 | Crypt:3  | Got a crude bronze ring
 71384 | Crypt:3  | Identified the ring "Nacurink" {rPois rN+ Str+4} (You found
                  | it on level 3 of the Crypt)
 71389 | Crypt:3  | Got a warped tin ring
 71390 | Crypt:3  | Identified the ring of Heri {rN+ Int+4} (You found it on
                  | level 3 of the Crypt)
 72173 | Crypt:3  | Got a glimmering hand axe
 72174 | Crypt:3  | Identified the +7 hand axe of Afurim {freeze, rF+ rC+
                  | Stlth+} (You found it on level 3 of the Crypt)
 72324 | Tomb:1   | Entered Level 1 of the Tomb of the Ancients
 72622 | Tomb:1   | Noticed a royal mummy
 72629 | Tomb:1   | Noticed a royal mummy
 72632 | Tomb:1   | Killed a royal mummy
 72633 | Tomb:1   | Noticed a royal mummy
 72638 | Tomb:1   | Noticed a royal mummy
 72646 | Tomb:1   | Killed a royal mummy
 72648 | Tomb:1   | Killed a royal mummy
 72648 | Tomb:1   | Noticed a royal mummy
 72706 | Tomb:1   | Noticed a royal mummy
 73097 | Tomb:1   | Killed a royal mummy
 73397 | Tomb:1   | Reached skill level 27 in Fighting
 73613 | Tomb:1   | Received a gift from Trog
 73853 | Tomb:1   | Noticed Boris
 73858 | Tomb:1   | Killed Boris
 74471 | Tomb:1   | Gained mutation: Your spells are a little harder to cast,
                  | but a little more powerful. [a neqoxec]
 75397 | Elf:2    | Received a gift from Trog
 75599 | Elf:2    | Found a runed translucent gate.
 75601 | Elf:2    | Found a runed translucent gate.
 75604 | Elf:2    | Found a runed translucent gate.
 76012 | Elf:2    | Noticed Notot's ghost (adept DsAK)
 76277 | Elf:2    | Killed Notot's ghost
 76875 | Elf:2    | Bought a potion of heal wounds for 100 gold pieces
 76903 | Elf:3    | Entered Level 3 of the Elven Halls
 77092 | Elf:3    | Received a gift from Trog
 77114 | Elf:3    | Found Omuvam's Distillery.
 77118 | Elf:3    | Bought a potion of heal wounds for 80 gold pieces
 77118 | Elf:3    | Bought a potion of heal wounds for 80 gold pieces
 77118 | Elf:3    | Bought a potion of heal wounds for 80 gold pieces
 77848 | Elf:3    | Identified the cursed +0 dagger of Twilight {speed, +Blink
                  | rElec rF+}
 77871 | Elf:3    | Identified the +8 mace of Wupnith {pain, Str-4 Int+10
                  | Stlth+}
 77962 | Elf:3    | Identified the +8 mace "Isurph" {vorpal, Dex+4}
 77981 | Elf:3    | Identified the +7 ring mail of the Lair of Beasts {Dex+3}
 78219 | Elf:3    | Identified the +6 mace "Fupsuroq" {drain, rPois rF- Dex+3
                  | Stlth+}
 78370 | Elf:3    | Identified Sif Muna's Handbook of the Glacier and Poison
 78381 | Elf:3    | Identified the Catalogue of Malediction
 78895 | Zot:1    | Entered Level 1 of the Realm of Zot
 78925 | Depths:5 | Reached skill level 27 in Axes
 78930 | Depths:5 | Received a gift from Trog
 80988 | Zot:1    | Found a runed translucent gate.
 80988 | Zot:1    | Found a runed translucent gate.
 80988 | Zot:1    | Found a runed translucent gate.
 80989 | Zot:1    | Found an opulent altar of Gozag.
 80990 | Zot:1    | Found Xifum's Assorted Antiques.
 80990 | Zot:1    | Found Fyixza Pycy's Assorted Antiques.
 80991 | Zot:1    | Noticed Toelubet's ghost (veteran CeHu)
 81289 | Zot:2    | Found the +4 dragonskin cloak
 81289 | Zot:2    | Noticed Tiamat
 81409 | Zot:2    | Noticed an orb of fire
 81415 | Zot:2    | Lost mutation: You possess an exceptional clarity of mind.
                  | [an orb of fire]
 81417 | Zot:2    | Gained mutation: Your natural rate of healing is unusually
                  | fast. [an orb of fire]
 81432 | Zot:2    | Gained mutation: Your magical capacity is low. (-10% MP)
                  | [an orb of fire]
 81433 | Zot:2    | Killed an orb of fire
 81454 | Zot:2    | Received a gift from Trog
 81495 | Zot:1    | Killed Tiamat
 82145 | Zot:2    | Received a gift from Trog
 82146 | Zot:2    | Found the +14 obsidian axe {vorpal, +Fly SInv *Curse}
 83336 | Zot:4    | Got a bound pewter ring
 83380 | Zot:4    | Identified the ring "Paloleuc" {*Tele +Blink rC++ Dex-4
                  | Stlth+} (You found it on level 4 of the Realm of Zot)
 83822 | Zot:5    | Entered Level 5 of the Realm of Zot
 83928 | Zot:5    | Noticed an orb of fire
 83928 | Zot:5    | Noticed an orb of fire
 83929 | Zot:5    | Noticed an orb of fire
 83929 | Zot:5    | Gained mutation: Scrolls take you a little longer to read.
                  | [an orb of fire]
 83930 | Zot:5    | Lost mutation: Your natural rate of healing is unusually
                  | fast. [an orb of fire]
 83932 | Zot:5    | Noticed an orb of fire
 83935 | Zot:5    | Gained mutation: You are dopey. (Int -2) [an orb of fire]
 83936 | Zot:5    | Killed an orb of fire
 83939 | Zot:5    | Paralysed by a Killer Klown for 3 turns
 83939 | Zot:5    | Gained mutation: You are weak. (Str -2) [an orb of fire]
 83946 | Zot:5    | HP: 15/300 [golden dragon (17)]
 83947 | Zot:5    | Mangled by an Orb Guardian

Illustrated notes

Levels and vault maps discovered:
D:1:      dpeg_arrival_fog, layout_loops_ring
D:2:      layout_basic, old_standard_altar, old_standard_altar, uniq_robin,
          uniq_terence
D:3:      layout_loops_ring, chequers_ecumenical_altar_simple
D:4:      layout_loops_ring, bloody_makhleb, uniq_menkaure
D:5:      layout_basic
D:6:      layout_gridville, overflow_temple_1_default, nicolae_ru_awakened_eye,
          minmay_temple_entry_statues_fountains
D:7:      layout_rooms, grunt_gozag_statues, fedhas_altar_decomposition,
          basic_altar, serial_shops, shop
D:8:      layout_rooms, enter_bailey_2, nicolae_water_bricks
D:9:      layout_basic, overflow_temple_1_default, david_lair_generic,
          minmay_hollow_rounded_squares
D:10:     layout_rooms, orc_david_3, gammafunk_ghost_berserking_beasts
D:11:     layout_rooms
D:12:     layout_roguey, serial_curves, eino_curves_02, eino_curves_03,
          enter_trove_0, uniq_erolcha
D:13:     layout_basic, serial_bayou_lagoon_a, uniq_frances
D:14:     minmay_wizard_corner, layout_gridville, grunt_vaults_entry_tiered,
          special_room [special_room_orc], chequers_serial_rivers_small_a,
          portal_ice_cave_entry_ice_beasts, minmay_holes, uniq_snorg,
          uniq_rupert
D:15:     grunt_enter_depths_snipers, layout_rooms
Lair:1:   layout_cave_pods, maelrawn_ghost_gauntlet_escape, beast_lair_carwin_7
Lair:2:   layout_long_grid, swamp_mist, nicolae_spider_entry_orb_guardian,
          beast_lair_carwin_11
Lair:3:   layout_loops_ring, ebering_ghost_funeral_grove,
          nicolae_quartered_pool_little
Lair:4:   layout_concentric_octagons
Lair:5:   layout_regular_city, lemuel_fruit_tree, infiniplex_staircase_pool_2
Lair:6:   minmay_lair_end_frog_pond, layout_hall_layers, slime_altar_2, pond
Swamp:1:  layout_basic_swamp, nicolae_swamp_feature_on_the_river_bank,
          swamp_pool2
Swamp:2:  layout_basic_swamp, evilmike_swamp_ruin_house_6
Swamp:3:  layout_basic_swamp, serial_swamp_ruin, hangedman_swamp_ruin_wall,
          evilmike_swamp_ruin_house_2
Swamp:4:  swamp_fiery, layout_basic_swamp, swamp_pool5, roderic_carrion_pond
Spider:1: layout_chambers
Spider:2: layout_spider_delve, nzn_ghost_randoct, drop_trap
Spider:3: layout_spider_delve
Spider:4: guppyfry_spider_rune, drop_trap
Orc:1:    layout_caves, ebering_ghost_rock_garden, basic_altar,
          amcnicky_altar_gilded, uniq_nergalle
Orc:2:    st_orc_open, layout_caves, chequers_guarded_unrand_ignorance
Elf:1:    layout_geoelf_diagonals, minmay_elf_necromancy, drop_trap,
          minmay_shop_grove, grunt_megastairs_5
Elf:2:    layout_onion_city, ebering_ghost_disaster_area, serial_shops,
          nicolae_shop_waterfront, minivault_16
Elf:3:    grunt_elf_hall_asides, layout_loops_corners, serial_shops, shop_statue
Vaults:1: hangedman_vaults_stitches, vaults_room_grunt_arrival_ludios,
          vaults_room_corners, serial_ice_m, vaults_room_semicircle,
          dpeg_vaults_monster_box, v_misc_30, hangedman_vaults_maws,
          nicolae_vaults_gold_heap, ontoclasm_vaults_bender,
          ontoclasm_vaults_decontamination, vaults_room_stairs_pillars,
          layout_vaults_maze
Vaults:2: vaults_mumra_chevron_long, v_misc_5, ontoclasm_vaults_ligature,
          hangedman_vaults_slither, minmay_crypt_entry_simple_corners,
          ontoclasm_vaults_ring_small, vaults_room_large_hall,
          hangedman_vaults_hat, ontoclasm_vaults_fault,
          dpeg_vaults_pockets_of_resistance, vaults_room_pool,
          nicolae_vaults_asterisk, layout_vaults_omnibox
Vaults:3: hangedman_vaults_snaps, vaults_room_door_ring,
          grunt_vaults_hallway_short, hangedman_vaults_variations,
          hangedman_vaults_restitches, v_alt_pattern_1,
          nicolae_vaults_network_star, nicolae_vaults_rhombus_7,
          nicolae_vaults_yaktaur_gun_rack, layout_vaults_omnicross,
          serial_shops, shop
Vaults:4: nicolae_vaults_triangles, nicolae_vaults_shelves_hall,
          v_alt_pattern_2, vaults_mumra_hexcomb, v_alt_pattern_4,
          vaults_room_pool, vaults_dpeg_encased_lava, v_misc_14, v_misc_3,
          layout_vaults_omnigrid, serial_shops,
          nicolae_shop_competitors_out_of_business, basic_altar
Vaults:5: serial_shops, uniq_margery, uniq_mara, uniq_boris
Crypt:1:  layout_misc_corridors, grunt_crypt_arrival_guarded_gate,
          grunt_megastairs_2
Crypt:2:  layout_misc_corridors, minivault_23, pandoras_box_mu,
          grunt_megastairs_3
Crypt:3:  cryptofortress_bobbens
Tomb:1
Depths:1: layout_cave_pools, serial_bayou_pond_e, serial_shops, shop, shop,
          shop, shop, mu_enter_wizlab_1, hangedman_tar_grid_catacomb,
          kennysheep_doodads, nrook_mini_backslash, st_stairs_4,
          kennysheep_small_square
Depths:2: grunt_deathspiral_small, layout_gridlike, hell_entry,
          abyss_entry_flame_altar, serial_sigils_hangedman_writhe,
          minmay_staircase_bubble
Depths:3: wad_pebble_path, layout_cave_shapes, hangedman_decor_diamond_cutter,
          pf_hell_entry_great_geh, ebering_ghost_inner_flame, serial_shops,
          shop_statue, nicolae_shop_waterfront, shop, shop, shop,
          grunt_pan_entry_spiral, nrook_campfire, item_on_display_a,
          infiniplex_staircase_spiral, serial_bayou_shore_b
Depths:4: hangedman_slaughterboxes, abyss_entry, hell_entry
Depths:5: grunt_zot_entry_pinwheel, layout_gridlike,
          serial_sigils_hangedman_gnaw, hell_entry, nrook_pool_corridor
Zot:1:    kennysheep_spiral_hall, layout_misc_corridors, ebering_ghost_gozag
Zot:2:    layout_misc_corridors, zot_minivault_7, uniq_tiamat
Zot:3:    layout_misc_corridors
Zot:4:    layout_cellular_growth
Zot:5:    layout_cathedral_of_symmetry, nrook_zot_tub

Skill      XL: |  1  2  3  4  5  6  7  8  9 10 11 12 13 14 15 16 17 18 19 20 21 22 23 24 25 26 27 |
---------------+----------------------------------------------------------------------------------+-----
Axes           | 4 5 6 8 10 11 13 14 15 16 17 18 20 21 22 25 26 27 | 27.0
Fighting       | 4 6 8 9 10 12 14 15 16 17 18 19 20 25 26 27 | 27.0
Bows           | 2 8 13 14 16 20 23 | 23.6
Evocations     | 6 8 10 11 12 15 17 18 21 | 21.0
Armour         | 5 10 11 12 13 14 15 16 17 18 19 20 24 | 24.9
Throwing       | 9 12 | 12.0
Dodging        | |  2.2

Action                   |  1- 3 |  4- 6 |  7- 9 | 10-12 | 13-15 | 16-18 | 19-21 | 22-24 | 25-27 || total
-------------------------+-------+-------+-------+-------+-------+-------+-------+-------+-------++-------
Melee: Hand axe          |    70 |   115 |    78 |       |       |       |       |       |       ||   263
       Headbutt          |    11 |    21 |    64 |    55 |   193 |   250 |   360 |   277 |   625 ||  1856
       Spear             |       |    59 |       |       |       |       |       |       |       ||    59
       War axe           |       |       |   221 |   102 |       |       |       |       |       ||   323
       Morningstar       |       |       |       |    88 |   243 |    27 |       |       |       ||   358
       Battleaxe         |       |       |       |    13 |   426 |   881 |   241 |   508 |   858 ||  2927
       Executioner's axe |       |       |       |       |       |    11 |   782 |   249 |   937 ||  1979
       Kick              |       |       |       |       |       |       |   112 |   425 |   986 ||  1523
       Longbow           |       |       |       |       |       |       |     1 |       |       ||     1
 Fire: Shortbow          |       |       |    24 |   253 |   600 |    89 |   115 |       |       ||  1081
       Longbow           |       |       |       |       |       |       |    38 |   151 |   339 ||   528
Throw: Dart              |       |       |       |     3 |    19 |     3 |     2 |       |       ||    27
Invok: Berserk           |     1 |     4 |     3 |     6 |     9 |     2 |     2 |       |       ||    27
       Trog's Hand       |       |       |       |       |       |     1 |     5 |     4 |     6 ||    16
       Brothers in Arms  |       |       |       |       |       |       |     1 |     1 |     3 ||     5
 Abil: Blink             |       |       |       |     1 |     1 |       |       |       |       ||     2
Evoke: Wand              |       |       |       |       |       |     3 |     2 |       |     1 ||     6
       Phantom mirror    |       |       |       |       |       |       |       |       |     1 ||     1
       Tin of tremorston |       |       |       |       |       |       |       |       |     1 ||     1
  Use: Scroll            |       |     5 |     1 |    11 |    15 |    17 |     9 |     2 |    30 ||    90
       Potion            |       |       |       |     3 |     4 |     2 |     5 |     3 |     5 ||    22
 Stab: Sleeping          |       |     1 |       |       |       |       |       |       |       ||     1
       Petrified         |       |       |       |       |     1 |       |       |       |       ||     1
       Distracted        |       |       |       |       |       |       |    17 |     2 |    15 ||    34
Armor: Leather armour    |     9 |     8 |       |       |       |       |       |       |       ||    17
       Chain mail        |       |    31 |    22 |       |   177 |   652 |   584 |   428 |   394 ||  2288
       Plate armour      |       |       |    93 |    88 |   161 |       |       |       |   266 ||   608
       Gold dragon scale |       |       |       |       |       |       |       |       |   711 ||   711
Dodge: Dodged            |    32 |    65 |    87 |    47 |   279 |   349 |   359 |   231 |   791 ||  2240
